 Dungeon Crawl Stone Soup version 0.20.1-1-g8b1a95d (webtiles) character file.

177 renl the Changer (level 5, 0/40 HPs)
             Began as a Draconian Transmuter on July 16, 2017.
             Was a Follower of Cheibriados.
             Killed by Freeze
             ... invoked by Lucai's ghost
              (7 damage)
             ... on level 3 of the Dungeon.
             The game lasted 00:11:30 (2206 turns).

renl the Changer (Draconian Transmuter)             Turns: 2206, Time: 00:11:31

Health: 0/40       AC:  2    Str: 14    XL:     5   Next: 31%
Magic:  6/8        EV: 19    Int: 15    God:    Cheibriados [*.....]
Gold:   93         SH:  0    Dex: 20    Spells: 2/8 levels left

rFire    . . .     SeeInvis .     - Unarmed
rCold    . . .     Gourm    .   (shield currently unavailable)
rNeg     . . .     Faith    .   (armour unavailable)
rPois    x         Spirit   .   (helmet currently unavailable)
rElec    .         Reflect  .   (cloak currently unavailable)
rCorr    +         Harm     .   (gloves currently unavailable)
MR       .....                  (boots currently unavailable)
Stlth    ++........             (no amulet)
Regen    0.2/turn               k - ring of resist corrosion
MPRegen  0.2/turn               (no ring)

@: spider-form (expiring), very slow
A: unfitting armour, AC +5
a: End Transformation, Bend Time, Renounce Religion


You were on level 3 of the Dungeon.
You worshipped Cheibriados.
Cheibriados was aware of your devotion.
You were hungry.
You were a venomous arachnid creature.
You visited 1 branch of the dungeon, and saw 3 of its levels.

You collected 93 gold pieces.

Inventory:

Missiles
 a - 42 arrows
Armour
 o - a +0 pair of boots (melded)
Jewellery
 k - a ring of resist corrosion (left front leg)
Scrolls
 d - 5 scrolls of identify
 m - a scroll of recharging {unknown}
 p - a scroll of amnesia {unknown}
 r - a scroll of random uselessness {unknown}
 s - a scroll of noise {unknown}
Potions
 e - a potion of might {unknown}
 f - a potion of berserk rage {unknown}
 h - 2 potions of curing
 i - a potion of haste {unknown}
 j - 2 potions of lignification {unknown}
 n - a potion of cancellation {unknown}
 q - a potion of mutation {unknown}
Books
 b - a book of Changes

   Spells                             Type                      Level
   a - Beastly Appendage              Transmutation                1
   b - Sticks to Snakes               Transmutation                2
   c - Spider Form                    Transmutation/Poison         3
   d - Ice Form                       Ice/Transmutation            4
   e - Blade Hands                    Transmutation                5
Comestibles
 c - 2 bread rations
 g - a royal jelly
 l - a meat ration


   Skills:
 - Level 1.1 Fighting
 - Level 1.7 Dodging
 - Level 3.0 Unarmed Combat
 - Level 2.0 Spellcasting
 + Level 5.6 Transmutations


You had 2 spell levels left.
You knew the following spells:

 Your Spells              Type           Power        Failure   Level  Hunger
a - Beastly Appendage     Tmut           ###...       9%          1    #......
b - Sticks to Snakes      Tmut           ###.....     11%         2    ###....
c - Spider Form           Tmut/Pois      #.........   43%         3    ###....


Dungeon Overview and Level Annotations

Branches:
Dungeon (3/15)

Altars:
Cheibriados
Qazlal

Annotations:
D:3 Lucai's ghost, amateur MfIE


Innate Abilities, Weirdness & Mutations

((Your plain brown scales are hard. (AC +5)))
You cannot fit into any form of body armour.
((You are cold-blooded and may be slowed by cold attacks.))


Message History

Lucai's ghost barely misses you.
You hit Lucai's ghost.
Lucai's ghost is severely damaged.
Lucai's ghost hits you.
You closely miss Lucai's ghost.
Lucai's ghost is severely damaged.
Lucai's ghost closely misses you.
You hit Lucai's ghost.
Lucai's ghost is almost destroyed.
Lucai's ghost hits you.
You closely miss Lucai's ghost.
Lucai's ghost is almost destroyed.
Lucai's ghost casts a spell at you.
You are frozen.
* * * LOW HITPOINT WARNING * * *
You hit Lucai's ghost but do no damage.
Lucai's ghost is almost destroyed.
Lucai's ghost casts a spell at you.
You are frozen.
You die...

#.#.........##. #.#
#.......... ## #.#
#.#........ .. #.#
#.#.###.##. #. #.#
#.#........ #.
#.###.#..###### #.
###.##.....######
###.##................
#....s...##.....######
#.#.W#######.#..######
#..# #..........
#.#..##### ####.##.###
#.#......# #.##)###
#........## #)......
#.........#####รท.#)###
#................#.###
#.........#####.......


You could see Lucai's ghost.

Vanquished Creatures
  An orc wizard (D:3)
  An orc priest (D:3)
  2 adders (D:2)
  An ooze (D:2)
  3 worms (D:2)
  2 dart slugs
  3 leopard geckos
  2 orcs (D:3)
  7 bats
  2 giant cockroaches
  10 goblins
  12 hobgoblins
  4 jackals (D:1)
  2 quokkas (D:2)
  2 ball pythons (D:2)
  7 frilled lizards
  8 kobolds
  8 rats
77 creatures vanquished.

Notes
Turn   | Place    | Note
-------+----------+-------------------------------------------
     0 | D:1      | renl the Draconian Transmuter began the quest for the Orb.
     0 | D:1      | Reached XP level 1. HP: 16/16 MP: 3/3
   129 | D:1      | Reached XP level 2. HP: 9/23 MP: 3/5
   160 | D:1      | Learned a level 2 spell: Sticks to Snakes
   264 | D:1      | Reached skill level 3 in Transmutations
   427 | D:1      | Reached XP level 3. HP: 8/28 MP: 6/6
   432 | D:1      | Learned a level 3 spell: Spider Form
   940 | D:2      | Reached skill level 4 in Transmutations
  1070 | D:2      | Reached XP level 4. HP: 29/35 MP: 7/7
  1209 | D:2      | Found a snail-covered altar of Cheibriados.
  1220 | D:2      | Became a worshipper of Cheibriados the Contemplative
  1773 | D:2      | Found a stormy altar of Qazlal.
  1785 | D:2      | Reached * piety under Cheibriados
  1901 | D:3      | Reached skill level 5 in Transmutations
  1918 | D:3      | Reached XP level 5. HP: 25/40 MP: 8/8
  2189 | D:3      | Noticed Lucai's ghost (amateur MfIE)
  2206 | D:3      | Killed from afar by Lucai's ghost

Skill      XL: |  1  2  3  4 |
---------------+-------------+-----
Transmutations | 3 4 5 |  5.6
Fighting       | |  1.1
Dodging        | |  1.7
Unarmed Combat | |  3.0
Spellcasting   | |  2.0

Action                   |  1- 3 |  4- 6 || total
-------------------------+-------+-------++-------
Melee: Unarmed           |   146 |   111 ||   257
       Tailslap          |    11 |    19 ||    30
       Kick              |    10 |       ||    10
       Punch             |     3 |     2 ||     5
       Headbutt          |     7 |    21 ||    28
 Cast: Beastly Appendage |    14 |    11 ||    25
       Spider Form       |       |     1 ||     1
  Use: Scroll            |     3 |       ||     3
 Stab: Sleeping          |     1 |       ||     1
  Eat: Chunk             |     1 |     3 ||     4
Armor: Skin              |    46 |    30 ||    76
Dodge: Dodged            |    71 |    56 ||   127
